 Dungeon Crawl Stone Soup version 0.29.0-5-ge4962eb29e (webtiles) character file.

Game seed: 478556711718915719

1044 ExZ the Trooper (level 8, -2/68 HPs)
             Began as a Palentonga Fighter on Aug 29, 2022.
             Slain by Prince Ribbit (7 damage)
             ... on level 5 of the Dungeon.
             The game lasted 00:08:31 (6165 turns).

ExZ the Trooper (Palentonga Fighter)                Turns: 6165, Time: 00:08:33

Health: -2/68      AC: 14    Str: 24    XL:     8   Next: 4%
Magic:  8/8        EV:  7    Int:  8    God:
Gold:   272        SH:  4    Dex: 10    Spells: 7/7 levels left

rFire   . . .      SeeInvis +   f - +0 hand axe
rCold   . . .      Faith    .   c - +0 buckler
rNeg    . . .      Spirit   .   b - +0 scale mail
rPois   .          Reflect  .   (no helmet)
rElec   .          Harm     .   (no cloak)
rCorr   .          Rampage  .   (no gloves)
Will    .....                   (no barding)
Stlth   ..........              (no amulet)
HPRegen 0.21/turn               (no ring)
MPRegen 0.11/turn               (no ring)

@: invisible, curled up
A: large, rugged brown scales 3, see invisible, deformed body, roll 1, armoured
tail, reflexive curl
a: Rolling Charge


You were on level 5 of the Dungeon.
You visited 1 branch of the dungeon, and saw 5 of its levels.

You collected 272 gold pieces.

Inventory:

Hand Weapons
 f - a +0 hand axe (weapon)
 h - a +0 battleaxe
 o - a +0 hammer
Armour
 b - a +0 scale mail (worn)
 c - a +0 buckler (worn)
Wands
 d - a wand of roots (1)
Scrolls
 e - a scroll of immolation {unknown}
 g - a scroll of poison
 i - a scroll of enchant armour {unknown}
 k - a scroll of fear
 l - a scroll of teleportation
 v - 2 scrolls of identify {unknown}
 w - a scroll of summoning {unknown}
 x - a scroll of amnesia {unknown}
Potions
 j - a potion of lignification {unknown}
 m - a potion of curing {unknown}
 n - a potion of haste
 p - a potion of resistance {unknown}
 r - a potion of ambrosia
 s - a potion of attraction {unknown}
 t - a potion of flight {unknown}
 u - a potion of berserk rage {unknown}
 z - a potion of brilliance {unknown}


   Skills:
 * Level 5.7 Fighting
 - Level 4.3(4.5) Axes
 - Level 1.7(3.1) Polearms
 + Level 4.5 Armour
 + Level 0.6 Dodging
 - Level 4.8 Shields


You had 7 spell levels left.
You didn't know any spells.
Your spell library contained the following spells:

 Spells                   Type           Power      Damage    Failure   Level
 Freeze                   Ice            0%         1d3       77%         1
 Ensorcelled Hibernation  Hex/Ice        0%         N/A       88%         2
 Passwall                 Tmut/Erth      0%         N/A       88%         2
 Frozen Ramparts          Ice            0%         1d1       98%         3
 Swiftness                Air            0%         N/A       98%         3
 Hailstorm                Conj/Ice       0%         3d3       100%        4


Dungeon Overview and Level Annotations

Branches:
Dungeon (5/15)
 Temple: D:4-7

Altars:
Kikubaaqudgha
Sif Muna
Uskayaw
Wu Jian
Zin

Annotations:
D:2 1 runed translucent door, Crazy Yiuf
D:5 1 runed translucent door, Prepator's ghost, novice VSBr; Prince Ribbit


Innate Abilities, Weirdness & Mutations

You are completely covered in rugged brown scales. (AC +3, +7% HP)
You have supernaturally acute eyesight. (SInv)
Armour fits poorly on your strangely shaped body.
You can roll at nearby foes to attack.
You have a long armoured tail.
You curl defensively after being hit. (AC +7*)


Message History

You barely miss the black bear.
The black bear is heavily wounded.
You hit Prince Ribbit.
Prince Ribbit catches a small bird with his tongue.
Prince Ribbit hits you! The black bear barely misses you.
The black bear claws you.
The black bear claws you but does no damage.
Prince Ribbit hits you.
Unknown command.
Prince Ribbit attacks as you move away! You block Prince Ribbit's attack.
The black bear bites you but does no damage.
The black bear claws you but does no damage.
The black bear barely misses you.
Unknown command.
The black bear attacks as you move away!
The black bear bites you but does no damage.
The black bear claws you but does no damage.
The black bear closely misses you. Prince Ribbit hits you.
There is a stone staircase leading down here.
Unknown command.
Unknown command.
The black bear attacks as you move away!
The black bear bites you. You block the black bear's attack.
The black bear barely misses you. Prince Ribbit hits you!
The black bear bites you!
* * * LOW HITPOINT WARNING * * *
The black bear claws you but does no damage. x2
Unknown command.
Prince Ribbit completely misses you.
Unknown command.
Prince Ribbit attacks as you move away! Prince Ribbit hits you!
* * * LOW HITPOINT WARNING * * *
Prince Ribbit blinks!
You fade into invisibility!
The black bear bites you.
* * * LOW HITPOINT WARNING * * *
You block the black bear's attack.
The black bear claws you but does no damage.
Prince Ribbit hits you!
You die...

.###....# #...## .#
##...## ##...## .# ##...#
#....## .# #...##
#.....##. ## ##...#
##........ # #.>.##
#....).... #
##...#####........# #
#...).....F.....## #### #
##......h@......# ##... #
###...............# #...#
######.....#########...##
##.... #.........##
#)[..####.....
..........#
##......).....
...####...##
#......>..... #### ##...#
##......###... # #...#
#...(.### ##.. ## #...#
#....## ##.


You could see Prince Ribbit (unable to see you) and a black bear (unable to see
you).

Vanquished Creatures
  Sigmund (D:3)
  Menkaure (D:4)
  An ogre (D:4)
  2 centaurs (D:5)
  A kobold brigand (D:4)
  A bullfrog (D:3)
  A scorpion (D:5)
  2 jellies
  2 hounds (D:5)
  2 iguanas
  Robin (D:3)
  4 adders
  A shadow imp (D:5)
  An ufetubus (D:5)
  3 worms
  4 dart slugs
  2 orcs (D:5)
  6 endoplasms
  3 giant cockroaches
  15 goblins
  10 hobgoblins
  2 jackals (D:2)
  7 kobolds
  A quokka (D:4)
  6 ball pythons
  4 bats
  3 frilled lizards
  7 rats
94 creatures vanquished.

Vanquished Creatures (others)
  3 fungi (D:2)
  7 plants (D:1)
10 creatures vanquished.

Grand Total: 104 creatures vanquished

Notes
Turn   | Place    | Note
-------+----------+-------------------------------------------
     0 | D:1      | ExZ the Palentonga Fighter began the quest for the Orb.
     0 | D:1      | Reached XP level 1. HP: 19/19 MP: 1/1
   282 | D:1      | Reached XP level 2. HP: 25/25 MP: 2/2
   447 | D:1      | Found a faded altar of an unknown god.
   497 | D:1      | Reached skill level 1 in Axes
  1003 | D:2      | Reached XP level 3. HP: 30/31 MP: 3/3
  1154 | D:2      | Found a runed translucent door.
  1155 | D:2      | Noticed Crazy Yiuf
  1896 | D:3      | Noticed Robin
  1900 | D:3      | Reached XP level 4. HP: 34/38 MP: 4/4
  1907 | D:3      | Killed Robin
  2291 | D:3      | Found a shimmering blue altar of Sif Muna.
  2451 | D:3      | Noticed a bullfrog
  2458 | D:3      | Killed a bullfrog
  2459 | D:3      | Reached skill level 4 in Fighting
  2459 | D:3      | Reached XP level 5. HP: 38/44 MP: 5/5
  2629 | D:3      | Noticed Sigmund
  2635 | D:3      | Killed Sigmund
  2636 | D:3      | Reached XP level 6. HP: 43/52 MP: 6/6
  3410 | D:4      | Found an ancient bone altar of Kikubaaqudgha.
  3537 | D:4      | Noticed Menkaure
  3548 | D:4      | Killed Menkaure
  3549 | D:4      | Gained mutation: You curl defensively after being hit. (AC
                  | +7*) [Palentonga growth]
  3549 | D:4      | Reached XP level 7. HP: 17/58 MP: 7/7
  3821 | D:4      | Found a glowing silver altar of Zin.
  3887 | D:4      | Reached skill level 5 in Fighting
  4419 | D:5      | Entered Level 5 of the Dungeon
  4759 | D:5      | HP: 2/59 [poisoned by a scorpion]
  5518 | D:5      | Found a hide-covered altar of Uskayaw.
  5587 | D:5      | Found a runed translucent door.
  5587 | D:5      | Noticed Prepator's ghost (novice VSBr)
  5623 | D:5      | Found an ornate altar of the Wu Jian Council.
  5937 | D:5      | Noticed Prince Ribbit
  6137 | D:5      | Reached XP level 8. HP: 32/68 MP: 8/8
  6165 | D:5      | Slain by Prince Ribbit

Illustrated notes

Levels and vault maps discovered:
D:1:      tarquinn_simple_flora_water_a, layout_loops_cross,
          shapermc_ecumenical_altar_notcrosses, serial_bayou,
          serial_bayou_shore_a, serial_bayou_crossing, serial_bayou_lagoon_a,
          serial_bayou_pond_c
D:2:      layout_rooms, uniq_crazy_yiuf_cottage
D:3:      layout_basic, mainiacjoe_overflow_paths, uniq_robin, uniq_sigmund
D:4:      layout_loops_ring, zin_treasury, lemuel_doored_altar, uniq_menkaure
D:5:      layout_layer_cave, nzn_wu_jian_council_hall,
          eat_drink_and_be_merry_uskayaw, gammafunk_ghost_grave,
          uniq_prince_ribbit1

Skill      XL: |  1  2  3  4  5  6  7 |
---------------+----------------------+-----
Axes           | 1 2 3 4 |  4.3
Shields        | 3 4 |  4.8
Armour         | 3 4 |  4.5
Fighting       | 4 5 |  5.7
Polearms       | |  1.7
Dodging        | |  0.6

Action                   |  1- 3 |  4- 6 |  7- 9 || total
-------------------------+-------+-------+-------++-------
Melee: Hand axe          |   116 |    81 |    84 ||   281
       Tailslap          |    21 |     9 |     9 ||    39
       Trident           |     2 |       |       ||     2
Evoke: Wand              |       |     5 |     4 ||     9
  Use: Potion            |     1 |       |     6 ||     7
       Scroll            |       |       |     6 ||     6
Armor: Scale mail        |    67 |    23 |    67 ||   157
Dodge: Dodged            |    39 |    20 |    43 ||   102
Block: Buckler           |    23 |    21 |    22 ||    66
